General information
- name: TMshins
- type: Custom game
- host: Zith)
- saver: Zith)
map: TwistedMeadows
- players: 2
- length: 18:20
- speed: Fast
- version: 1.24 W3XP
- replay type: Public
» download(79 KB)
Players
team 1 (loser)
Zith) (
red | 148 APM | 2720 actions | 18:20)
4 Demon Hunter
2 Mana Burn
2 Evasion
3 Naga Sea Witch
1 Frost Arrows
2 Forked Lightning
» actions
| Assign group hotkey | 22 | |
| Basic commands | 28 | |
| Build / train | 61 | |
| Enter build submenu | 20 | |
| Enter hero's abilities submenu | 7 | |
| Give item / drop item | 2 | |
| Remove unit from queue | 2 | |
| Right click | 1277 | |
| Select / deselect | 451 | |
| Select group hotkey | 778 | |
| Use ability | 72 | |
2720 total
» units
» buildings
| Altar of Elders | 1 | |
| Moon Well | 7 | |
| Ancient of War | 2 | |
| Tree of Ages | 2 | |
| Hunter's Hall | 1 | |
| Tree of Life | 4 | |
| Ancient of Lore | 1 | |
| Tree of Eternity | 0 | |
| Ancient of Wonders | 1 | |
19 total
» build order
00:07 Altar of Elders
00:16 Moon Well
00:33 Ancient of War
01:45 Moon Well
02:18 Ancient of War
02:47 Moon Well
03:37 Tree of Ages
04:14 Hunter's Hall
05:37 Tree of Life
06:05 Ancient of Lore
06:22 Moon Well
07:06 Tree of Eternity
08:40 Tree of Life
12:45 Tree of Ages
13:36 Tree of Life
14:55 Moon Well
15:09 Tree of Life
15:24 Ancient of Wonders
15:30 Moon Well
15:32 Moon Well
» items
| Boots of Speed | 1 | |
| Potion of Lesser Invulnerability | 1 | |
| Moonstone | 1 | |
3 total
team 2 (winner)

»
Shins- (
purple | 123 APM | 2258 actions | 18:20)
6 Blood Mage
3 Flame Strike
2 Siphon Mana
1 Summon Phoenix
» actions
| Assign group hotkey | 134 | |
| Basic commands | 122 | |
| Build / train | 84 | |
| ESC pressed | 9 | |
| Enter build submenu | 24 | |
| Enter hero's abilities submenu | 6 | |
| Give item / drop item | 11 | |
| Right click | 1028 | |
| Select / deselect | 565 | |
| Select group hotkey | 154 | |
| Use ability | 119 | |
2258 total
» units
| Peasant | 14 | |
| Footman | 15 | |
| Goblin Sapper | 2 | |
| Knight | 5 | |
| Goblin Shredder | 2 | |
38 total
» upgrades
| Defend | 1 | |
| Swords | 4 | |
| Plating | 4 | |
| Lumber Harvesting | 1 | |
| Animal War Training | 1 | |
11 total
» buildings
| Altar of Kings | 1 | |
| Barracks | 2 | |
| Farm | 9 | |
| Scout Tower | 3 | |
| Arcane Tower | 2 | |
| Arcane Vault | 1 | |
| Blacksmith | 1 | |
| Keep | 1 | |
| Lumber Mill | 2 | |
| Castle | 1 | |
23 total
» build order
00:02 Altar of Kings
00:19 Barracks
00:23 Farm
01:04 Farm
01:43 Farm
02:16 Scout Tower
03:03 Arcane Tower
03:26 Arcane Vault
03:42 Farm
03:43 Farm
04:21 Blacksmith
04:49 Scout Tower
04:51 Scout Tower
05:17 Arcane Tower
06:15 Farm
07:34 Keep
08:48 Lumber Mill
08:58 Lumber Mill
10:20 Castle
10:52 Barracks
15:22 Farm
15:27 Farm
16:07 Farm
» items
| Staff of Teleportation | 2 | |
| Scroll of Regeneration | 10 | |
| Lesser Clarity Potion | 1 | |
| Potion of Healing | 1 | |
| Staff of Sanctuary | 1 | |
| Boots of Speed | 1 | |
| Scroll of Healing | 2 | |
18 total
Chat log
(00:22 / All) Zith): you people are no fun
(00:24 / All) Zith): with your rnd
(00:29 / All) Shins-: bloodmage
(00:30 / All) Shins-: happy?
(00:35 / All) Zith): kk
(08:30 / All) Zith): meh
(08:39 / All) Shins-: >.>
(08:59 / All) Zith): shouldve moved my aow
(09:11 / All) Shins-: should have just tped back
(09:15 / All) Zith): or that
(10:07 / All) Shins-: unless im the ultimate retard, u cant win this
(10:13 / All) Zith): i know
(10:15 / All) Shins-: so i suggest we play the second game
(13:37 / All) Zith): oy
(14:33 / All) Shins-: 6 knights in the rax stacked
(14:44 / All) Shins-: and still i got 1400 gold
(14:45 / All) Shins-: :D
(14:46 / All) Zith): bring it
(14:57 / All) Shins-: patience, yound one
(14:59 / All) Shins-: g*
(15:09 / All) Shins-: or should i say yound INFIDEL
(15:11 / All) Shins-: xaxaxaxaxaxa
(18:18 / All) Zith): aye
(18:19 / All) Zith): gg